 Crawl Stoat Soup version 0.23-s2-97-g5268438 (webtiles) character file.

3 da312102 the Firebug (level 1, -2/14 HPs)
             Began as a Draconian Fire Elementalist on Oct 8, 2022.
             Slain by a goblin
             ... wielding a +0 dagger
              (3 damage)
             ... on level 1 of the Dungeon.
             The game lasted 00:01:17 (412 turns).

da312102 the Firebug (Draconian Fire Elementalist)   Turns: 412, Time: 00:01:18

Health: -2/14      AC:  4    Str: 10    XL:     1   Next: 41%
Magic:  3/3        EV: 12    Int: 15    God:
Gold:   35         SH:  0    Dex: 11    Spells: 3/4 levels left

rFire    . . .     SeeInvis .   (no weapon)
rCold    . . .     Gourm    .   (no shield)
rNeg     . . .     Faith    .   (armour unavailable)
rPois    .         Spirit   .   (helmet restricted)
rElec    .         Warding  .   (no cloak)
rCorr    .         Reflect  .   (no gloves)
MR       .....     Harm     .   (no boots)
Stlth    ++........             (no amulet)
HPRegen  0.04/turn              (no ring)
MPRegen  0.08/turn              (no ring)

@: no status effects
A: unfitting armour, cold-blooded, AC +4
a: no special abilities


You were on level 1 of the Dungeon.
You were not hungry.

You visited 1 branch of the dungeon, and saw 1 of its levels.

You collected 35 gold pieces.

Inventory:

Comestibles
 b - a bread ration


   Skills:
 + Level 1.7 Dodging
 + Level 1.7 Stealth
 + Level 2.0 Spellcasting
 + Level 1.0 Conjurations
 + Level 3.2 Fire Magic


You had 3 spell levels left.
You knew the following spells:

 Your Spells              Type           Power        Failure   Level  Hunger
a - Flame Tongue          Conj/Fire      7/40         10%         1    #......

Your spell library contained the following spells:

 Spells                   Type           Power        Failure   Level  Hunger
 Throw Flame              Conj/Fire      7/50         14%         2    ###....
 Conjure Flame            Conj/Fire      7/100        28%         3    ###....
 Inner Flame              Hex/Fire       6/100        34%         3    ###....
 Sticky Flame             Conj/Fire      7/100        67%         4    #####..
 Fireball                 Conj/Fire      7/200        95%         5    ######.


Dungeon Overview and Level Annotations

Branches:
Dungeon (1/15)

Altars:


Innate Abilities, Weirdness & Mutations

Your plain brown scales are hard. (AC +4)
You cannot fit into any form of body armour.
You are cold-blooded and may be slowed by cold attacks.


Message History

You are too injured to fight recklessly!
You are too injured to fight recklessly!
You are too injured to fight recklessly!
You are too injured to fight recklessly!
You hit the hobgoblin but do no damage.
The hobgoblin is moderately wounded.
The hobgoblin barely misses you.
You closely miss the hobgoblin.
The hobgoblin is moderately wounded.
The goblin barely misses you. The hobgoblin hits you with a club.
* * * LOW HITPOINT WARNING * * *
You completely miss the hobgoblin.
The hobgoblin is moderately wounded.
The giant cockroach bites you but does no damage.
The goblin misses you.
The hobgoblin hits you but does no damage.
You hit the hobgoblin but do no damage.
The hobgoblin is moderately wounded.
The giant cockroach barely misses you. The goblin hits you with a dagger.
You die...

.# ##.#.# #.##.#
..###########.##.#
...............+.+
..#####.#####.##.#
............#.##.#
####.....#####.#g#
.. #.....# #.#@#
...#.....# ##sg#
...####.## ##.#
....###.# ....
#.....# ......
##....# .......#
#....# .......#
#....# #.......#
#....# ######


You could see a giant cockroach, a hobgoblin and a goblin.

Vanquished Creatures
  A worm (D:1)
1 creature vanquished.

Notes
Turn   | Place    | Note
-------+----------+-------------------------------------------
     0 | D:1      | da312102 the Draconian Fire Elementalist began the quest
                  | for the Orb.
     0 | D:1      | Reached XP level 1. HP: 14/14 MP: 3/3
   412 | D:1      | Slain by a goblin

Vault maps used:
D:1:      dpeg_arrival_brainrot, nrook_mini_backslash, minmay_misc_feat_square,
          interstate_on_off

Action                   || total
-------------------------++-------
Melee: Unarmed           ||    32
       Tailslap          ||     4
  Use: Scroll            ||     1
Armor: Skin              ||     4
Dodge: Dodged            ||    13

Table legend:
 A = Spawn XP
 B = Non-spawn XP
 C = Spawn XP percentage of total XP
 D = Spawn monster count
 E = Non-spawn monster count
 F = Spawn count percentage of total count
 G = Total turns spent on level
                    A         B        C        D         E        F      G
               +---------+---------+-------+---------+---------+-------+---------
         Total |       0 |       5 |   0.0 |       0 |       1 |   0.0 |   412
               +---------+---------+-------+---------+---------+-------+---------
           D:1 |       0 |       5 |   0.0 |       0 |       1 |   0.0 |   412
               +---------+---------+-------+---------+---------+-------+---------
